 Dungeon Crawl Stone Soup version 0.22.0-75-g3901e7991e (webtiles) character file.

123033 Satanymous the Warrior (level 16, -21/228 HPs)
             Began as a Hill Orc Fighter on Sept 6, 2018.
             Was a High Priest of Beogh.
             Killed from afar by an ice dragon (41 damage)
             ... with a blast of cold
             ... on level 1 of the Depths on Sept 13, 2018.
             The game lasted 04:26:35 (27823 turns).

Satanymous the Warrior (Hill Orc Fighter)          Turns: 27823, Time: 04:26:36

Health: -21/228    AC: 28    Str: 26      XL:     16   Next: 89%
Magic:  20/25      EV:  2    Int:  7 (8)  God:    Beogh [*****.]
Gold:   333        SH: 17    Dex: 17      Spells: 16/16 levels left

rFire    + . .     SeeInvis +   h - +0 broad axe (vamp)
rCold    . . .     Gourm    .   T - +3 shield {reflect}
rNeg     + + +     Faith    .   (armour currently unavailable)
rPois    +         Spirit   .   (helmet currently unavailable)
rElec    .         Reflect  +   (cloak currently unavailable)
rCorr    .         Harm     .   (gloves currently unavailable)
MR       +++..     NoTele   +   (boots currently unavailable)
Stlth    ++........             n - amulet of regeneration
HPRegen  0.88/turn              q - ring "Put-Me-On" {rF+ rN+ MR++ Dex+2 SInv}
MPRegen  0.19/turn              r - +6 ring of slaying

@: mighty, tree-form
A: walk on water
a: Smiting, Recall Orcish Followers, Give Item to Named Follower, Renounce
Religion


You were on level 1 of the Depths.
You worshipped Beogh.
Beogh was extremely pleased with you.
You were full.
You were a tree.
You visited 5 branches of the dungeon, and saw 28 of its levels.
You also visited: Ossuary.

You collected 2923 gold pieces.
You spent 2590 gold pieces at shops.

Inventory:

Hand Weapons
 a - a +3 war axe of flaming
 b - a +5 trident of venom
 c - a +1 eveningstar of draining
 h - a +0 vampiric broad axe (weapon)
 j - a +0 glaive of venom
 J - the +8 mace "Heyfubb" {crush, rC- Int+4}
   (You found it on level 4 of the Lair of Beasts)

   It inflicts extra damage upon your enemies.
   It affects your intelligence (+4).
   It makes you vulnerable to cold.
Missiles
 E - 45 tomahawks (quivered)
Armour
 D - the +1 plate armour of Life (melded) {rPois Int+4 Dex+3}
   (You found it on level 14 of the Dungeon)

   It affects your intelligence (+4).
   It affects your dexterity (+3).
   It protects you from poison.
 K - the +1 pair of gloves of a ziggurat (melded) {Str+3 Dex+4 SInv}
   (You found it on level 4 of the Dungeon)

   It affects your strength (+3).
   It affects your dexterity (+4).
   It lets you see invisible.
 S - +1 fire dragon scales
 T - a +3 shield of reflection (worn)
 V - a +2 helmet (melded)
Jewellery
 n - an amulet of regeneration (around neck)
 q - the ring "Put-Me-On" (left branch) {rF+ rN+ MR++ Dex+2 SInv}
   (You found it on level 12 of the Dungeon)

   [ring of dexterity]

   It affects your dexterity (+2).
   It protects you from fire.
   It protects you from negative energy.
   It affects your resistance to hostile enchantments.
   It lets you see invisible.
 r - a +6 ring of slaying (right branch)
 O - an uncursed ring of flight
Wands
 s - a wand of enslavement (22)
 t - a wand of disintegration (27)
 w - a wand of scattershot (4)
 x - a wand of polymorph (10)
 y - a wand of iceblast (26)
 z - a wand of paralysis (44)
 B - a wand of digging (7)
 G - a wand of acid (10)
 H - a wand of flame (71)
 R - a wand of clouds (7)
Scrolls
 g - 7 scrolls of remove curse
 o - 2 scrolls of holy word
 A - a scroll of torment
 C - 2 scrolls of summoning
 L - 4 scrolls of immolation
 M - 6 scrolls of teleportation
 U - 4 scrolls of blinking
 W - a scroll of fear
 X - 3 scrolls of vulnerability
 Z - a scroll of magic mapping
Potions
 d - 3 potions of might
 i - 2 potions of cancellation
 k - a potion of berserk rage
 m - 3 potions of haste
 p - 3 potions of brilliance
 v - 3 potions of curing
 F - 3 potions of lignification
 N - 2 potions of resistance
 Q - 3 potions of invisibility
 Y - 7 potions of agility
Miscellaneous
 f - a lamp of fire (inert)
 l - a fan of gales
 u - a phial of floods
 P - a lamp of fire (inert)
Comestibles
 e - 27 rations


   Skills:
 * Level 16.6 Fighting
 + Level 12.8(15.0) Axes
 - Level 3.6(8.0) Maces & Flails
 + Level 10.9(12.7) Polearms
 * Level 5.8 Throwing
 + Level 13.1 Armour
 - Level 0.6 Dodging
 + Level 12.6 Shields
 - Level 0.9 Spellcasting
 + Level 12.3 Invocations
 + Level 10.0 Evocations


You had 16 spell levels left.
You didn't know any spells.
Your spell library contained the following spells:

 Spells                   Type           Power        Failure   Level  Hunger
 Animate Skeleton         Necr           N/A          52%         1    ##.....
 Apportation              Tloc           #.....       52%         1    ##.....
 Confusing Touch          Hex            #.....       52%         1    ##.....
 Flame Tongue             Conj/Fire      #....        52%         1    ##.....
 Magic Dart               Conj           #...         52%         1    ##.....
 Summon Small Mammal      Summ           #...         52%         1    ##.....
 Blink                    Tloc           N/A          65%         2    ###....
 Call Imp                 Summ           #.......     65%         2    ###....
 Corpse Rot               Necr           N/A          65%         2    ###....
 Slow                     Hex            #.......     65%         2    ###....
 Sublimation of Blood     Necr           #.........   65%         2    ###....
 Throw Flame              Conj/Fire      #.....       65%         2    ###....
 Call Canine Familiar     Summ           #.......     87%         3    ####...
 Conjure Flame            Conj/Fire      #.......     87%         3    ####...
 Inner Flame              Hex/Fire       #.......     87%         3    ####...
 Mephitic Cloud           Conj/Pois/Air  #.......     87%         3    ####...
 Stone Arrow              Conj/Erth      #.....       87%         3    ####...
 Summon Guardian Golem    Hex/Summ       #.......     87%         3    ####...
 Cause Fear               Hex            #.........   99%         4    #####..
 Leda's Liquefaction      Hex/Erth       #.........   99%         4    #####..
 Sticky Flame             Conj/Fire      #.......     99%         4    #####..
 Summon Ice Beast         Ice/Summ       #.......     99%         4    #####..
 Summon Lightning Spire   Summ/Air       #.......     99%         4    #####..
 Agony                    Necr           #.......     100%        5    ######.
 Bolt of Draining         Conj/Necr      #.........   100%        5    ######.
 Bolt of Magma            Conj/Fire/Erth #.........   100%        5    ######.
 Dispel Undead            Necr           #.......     100%        5    ######.
 Excruciating Wounds      Chrm/Necr      #.........   100%        5    ######.
 Fireball                 Conj/Fire      #.........   100%        5    ######.
 Silence                  Hex/Air        #.........   100%        5    ######.
 Yara's Violent Unravell  Hex/Tmut       #.........   100%        5    ######.
 Deflect Missiles         Chrm/Air       #.........   100%        6    #######
 Freezing Cloud           Conj/Ice/Air   #.........   100%        6    #######
 Iron Shot                Conj/Erth      #.........   100%        6    #######
 Statue Form              Tmut/Erth      #........    100%        6    #######
 Ring of Flames           Chrm/Fire      #.........   100%        7    #######
 Discord                  Hex            #.........   100%        8    #######
 Shatter                  Erth           #.........   100%        9    #######


Dungeon Overview and Level Annotations

Branches:
Dungeon (15/15)            Temple (0/1) D:4            Lair (6/6) D:9
 Shoals (4/4) Lair:2        Snake (0/4) Lair:4        Slime (0/5) Lair:6
    Orc (2/2) D:11            Elf (0/3) Orc:2        Vaults (0/5) D:13
 Depths (1/5) D:15

Altars:
Ashenzari
Cheibriados
Dithmenos
Fedhas
Hepliaklqana
Kikubaaqudgha
Makhleb
Nemelex Xobeh
Qazlal
Ru
Sif Muna
Vehumet
Wu Jian
Beogh

Shops:
D:13 :   Orc:2 }*}=

Portals:
Trove: D:10 (give +6 demon whip)

Annotations:
D:3 1 runed door, erzklaus's ghost, amateur MiBe


Message History

You block the red ugly thing's attack.
Gorg hits the white very ugly thing from afar with a +3 spear of venom.
The white very ugly thing is poisoned.
You slice the red ugly thing!!
The red ugly thing is almost dead.
You slash the white very ugly thing!
You barely miss the red very ugly thing.
The white very ugly thing basks in the mutagenic energy from its kin and The red very ugly thing engulfs you but does no damage.
The red ugly thing claws you but does no damage.
You slice the red ugly thing!!
You feel better.
You kill the red ugly thing!
Beogh accepts your kill.
You slice the red very ugly thing!!
You feel better.
You slash the red very ugly thing!
You feel better.
Gorg barely misses the red very ugly thing.
You block the red very ugly thing's attack.
The ice dragon breathes frost at you. The blast of cold hits you!
You die...

#.#.#
#....#
....# ....
D.# ##D#
##†u# #u♣#
#o## #o#
#o# ##.#
#..# #.##
##.########
###
#.........#


You could see 2 very ugly things, 2 ice dragons, the friendly Gorg the orc
warlord, the friendly Agrik the orc knight and the friendly Orgrim the orc
knight.

Vanquished Creatures
  Frances (D:13)
  Kirke (Shoals:3)
  2 frost giants
  Louise (D:14)
  An orc warlord (Orc:2)
  Nessos (D:12)
  An ettin (Depths:1)
  A yaktaur captain (D:12)
  Harold (Orc:1)
  Josephine (D:11)
  Erolcha (D:11)
  2 vault guards (D:13)
  7 hydras
  2 merfolk avatars
  A centaur warrior (D:12)
  A death knight (D:14)
  9 two-headed ogres
  A death yak (Lair:6)
  A tengu warrior (D:13)
  An ogre mage (D:15)
  4 orc high priests (Orc:2)
  2 sea snakes
  An unseen horror (D:15)
  A wizard (D:15)
  A glowing orange brain (Depths:1)
  3 harpies (Shoals:3)
  A deep elf mage (D:10)
  A necromancer (Depths:1)
  4 ugly things
  An oklob plant (Lair:2)
  2 elephants
  5 manticores
  Maurice (Orc:1)
  4 merfolk sirens
  4 fauns (Shoals:2)
  2 cyclopes
  3 black mambas
  2 torpor snails (Lair:6)
  7 spiny frogs
  3 kobold demonologists (D:11)
  A gargoyle (D:12)
  3 rime drakes
  2 centaur skeletons (D:13)
  2 komodo dragons (Lair:6)
  An efreet (D:13)
  A spriggan skeleton (Depths:1)
  2 polar bears (Lair:6)
  3 trolls
  3 merfolk
  Grinder (D:5)
  9 hippogriffs
  A snapping turtle (Shoals:3)
  3 dream sheep (Shoals:2)
  Prince Ribbit (D:5)
  11 blink frogs
  A vampire (D:12)
  Sigmund (D:5)
  A spriggan (D:10)
  A shadow (D:14)
  2 water elementals (Shoals:2)
  A wraith (D:11)
  7 wyverns
  A hog (shapeshifter) (D:15)
  27 yaks
  A yak (shapeshifter) (Depths:1)
  A hungry ghost (D:11)
  6 basilisks
  5 vampire mosquitoes
  6 wargs
  An insubstantial wisp (Lair:6)
  3 nagas (Lair:4)
  7 water moccasins
  7 porcupines
  10 orc warriors
  A swamp drake (D:11)
  5 phantoms
  5 sky beasts
  4 black bears
  3 ice beasts
  13 ogres
  An eye of draining (D:9)
  5 centaurs
  3 wolves (Lair:3)
  A big kobold (D:12)
  4 crocodiles
  8 bullfrogs
  A wyvern zombie (D:9)
  A gnoll sergeant (D:7)
  7 scorpions
  9 killer bees
  14 wights
  A troll zombie (Ossuary)
  2 howler monkeys
  2 jellies
  2 electric eels
  3 centaur zombies
  7 crimson imps
  2 bullfrog zombies
  A quasit (D:10)
  A bullfrog skeleton (D:8)
  9 hounds
  7 orc wizards
  14 orc priests
  3 iguanas
  11 worker ants
  A killer bee zombie (D:8)
  2 big kobold zombies (Ossuary)
  2 ogre zombies (Ossuary)
  A hound zombie (D:10)
  5 hound skeletons
  7 mummies (Ossuary)
  A howler monkey zombie (D:8)
  Robin (D:3)
  9 gnolls
  2 worker ant zombies
  17 adders
  5 shadow imps
  An ooze (D:1)
  2 adder skeletons
  4 adder zombies (Ossuary)
  3 worms (D:2)
  2 dart slugs (D:2)
  7 leopard geckos
  19 orcs
  5 bats
  8 giant cockroaches
  13 goblins
  16 hobgoblins
  8 jackals
  4 quokkas
  A ball python (D:5)
  3 frilled lizards
  4 goblin zombies (Ossuary)
  3 hobgoblin zombies (Ossuary)
  14 kobolds
  4 kobold zombies (Ossuary)
  A leopard gecko skeleton (D:7)
  A quokka skeleton (D:4)
  5 quokka zombies (Ossuary)
  9 rats
  3 rat zombies (Ossuary)
  A bush (Lair:2)
  6 fungi (Lair:2)
  15 plants
587 creatures vanquished.

Vanquished Creatures (collateral kills)
  A kraken (Shoals:1)
  Ilsuiw (Shoals:3)
  Donald (Orc:2)
  5 very ugly things (Depths:1)
  A dire elephant (Lair:6)
  Snorg (Orc:1)
  A merfolk javelineer (Shoals:3)
  2 merfolk impalers
  4 fire dragons
  6 hydras
  3 merfolk avatars
  2 vault guards (D:13)
  3 centaur warriors
  2 alligator snapping turtles (Shoals:3)
  An ogre mage (D:15)
  9 two-headed ogres
  A merfolk aquamancer (Shoals:2)
  A satyr (Shoals:2)
  Urug (D:11)
  A tengu warrior (D:13)
  An orc high priest (Orc:2)
  Sonja (Lair:3)
  A sea snake (Shoals:3)
  A golden dragon skeleton (Depths:1)
  6 harpies
  2 orc knights
  5 ugly things
  2 orc sorcerers (Orc:2)
  16 fauns
  3 manticores
  8 merfolk sirens
  4 elephants
  2 cyclopes (Shoals:2)
  2 black mambas (Lair:6)
  A water nymph (Shoals:3)
  2 centaur zombies
  5 spiny frogs
  A centaur skeleton (D:15)
  3 gargoyles (D:13)
  4 rime drakes
  5 komodo dragons
  4 trolls
  2 meliai (D:15)
  11 blink frogs
  A wind drake (Shoals:1)
  6 merfolk
  2 polar bears
  5 dream sheep
  A hornet (Lair:6)
  An elf zombie (Depths:1)
  6 hippogriffs
  2 snapping turtles
  A water elemental (Shoals:2)
  2 wraiths (D:11)
  11 yaks
  6 wyverns
  4 basilisks
  A hog (Shoals:3)
  8 vampire mosquitoes
  2 nagas (Lair:4)
  4 wargs
  An acid dragon (D:14)
  2 porcupines
  6 water moccasins
  2 hell hounds (Lair:5)
  2 sky beasts
  2 ice beasts
  A black bear (Lair:4)
  12 orc warriors
  6 ogres
  3 wolves (Lair:3)
  10 centaurs
  4 crocodiles
  A big kobold (D:11)
  5 bullfrogs
  A scorpion (D:14)
  A killer bee (D:11)
  3 lava snakes (Lair:5)
  6 orc priests (Orc:2)
  2 hounds
  2 orc wizards
  An adder (D:9)
  12 orcs
  A kobold (D:11)
  2 bushes
  30 fungi
  45 plants
  A tentacle (Shoals:1)
366 creatures vanquished.

Vanquished Creatures (others)
  6 orc knights
  An orc high priest (Shoals:1)
  A manticore (Shoals:2)
  2 orc sorcerers
  15 orc warriors
  A human (Shoals:3)
  A centaur (D:15)
  A scorpion (D:4)
  18 orc priests
  7 orc wizards
  An adder skeleton (D:4)
  59 orcs
  3 fungi
  18 plants
  5 tentacles (Shoals:1)
139 creatures vanquished.

Grand Total: 1092 creatures vanquished

Notes
Turn   | Place    | Note
-------+----------+-------------------------------------------
     0 | D:1      | Satanymous the Hill Orc Fighter began the quest for the
                  | Orb.
     0 | D:1      | Reached XP level 1. HP: 19/19 MP: 1/1
   182 | D:1      | Reached skill level 4 in Fighting
   182 | D:1      | Reached XP level 2. HP: 27/27 MP: 2/2
   828 | D:2      | Reached XP level 3. HP: 28/33 MP: 3/3
  1161 | D:2      | Reached XP level 4. HP: 30/41 MP: 4/4
  1442 | D:2      | Found a deep blue altar of Sif Muna.
  1786 | D:2      | Reached XP level 5. HP: 37/47 MP: 5/5
  2000 | D:3      | Noticed Robin
  2004 | D:3      | Killed Robin
  2141 | D:3      | Found an ornate altar of the Wu Jian Council.
  2230 | D:3      | Found a runed door.
  2232 | D:3      | Noticed erzklaus's ghost (amateur MiBe)
  2683 | D:4      | Noticed a phantom
  2735 | D:4      | Reached skill level 5 in Fighting
  2736 | D:4      | Became a worshipper of Beogh the Brigand
  2741 | D:4      | Reached XP level 6. HP: 35/56 MP: 6/6
  3106 | D:4      | Reached skill level 5 in Armour
  3106 | D:4      | Reached skill level 1 in Evocations
  3200 | D:4      | Reached skill level 1 in Polearms
  3200 | D:4      | Reached XP level 7. HP: 42/62 MP: 6/8
  3210 | D:4      | Got a pair of polished gloves
  3222 | D:4      | Identified the +1 pair of gloves of a ziggurat {Str+3 Dex+4
                  | SInv} (You found it on level 4 of the Dungeon)
  3234 | D:4      | Found an ancient bone altar of Kikubaaqudgha.
  3275 | D:4      | Reached skill level 6 in Fighting
  3725 | D:4      | Found a stormy altar of Qazlal.
  3917 | D:4      | Found a staircase to the Ecumenical Temple.
  4026 | D:5      | Entered Level 5 of the Dungeon
  4087 | D:5      | Noticed Prince Ribbit
  4103 | D:5      | Noticed Grinder
  4115 | D:5      | Killed Grinder
  4115 | D:5      | Reached skill level 7 in Fighting
  4115 | D:5      | Reached XP level 8. HP: 67/73 MP: 9/9
  4180 | D:5      | Killed Prince Ribbit
  4195 | D:5      | Noticed Sigmund
  4207 | D:5      | Reached * piety under Beogh
  4223 | D:5      | Killed Sigmund
  4243 | D:5      | Found a shattered altar of Ashenzari.
  4365 | D:5      | Reached skill level 8 in Fighting
  4593 | D:5      | Found a sand-covered staircase.
  4601 | Ossuary  | Entered an ossuary
  4656 | Ossuary  | Reached skill level 1 in Invocations
  4656 | Ossuary  | Reached XP level 9. HP: 55/81 MP: 11/11
  4836 | Ossuary  | Reached ** piety under Beogh
  5026 | D:5      | Found a burning altar of Makhleb.
  5027 | D:5      | Found a radiant altar of Vehumet.
  5177 | D:6      | Reached skill level 5 in Axes
  5902 | D:6      | Reached skill level 9 in Fighting
  6325 | D:7      | Reached *** piety under Beogh
  6787 | D:7      | Reached XP level 10. HP: 49/91 MP: 13/13
  7248 | D:8      | Found a sparkling altar of Nemelex Xobeh.
  7348 | D:8      | Found a sparkling altar of Nemelex Xobeh.
  7352 | D:8      | Found a sacrificial altar of Ru.
  7354 | D:8      | Found a shadowy altar of Dithmenos.
  7433 | D:8      | Reached skill level 5 in Polearms
  8025 | D:9      | Reached skill level 10 in Fighting
  8026 | D:9      | Noticed a two-headed ogre
  8046 | D:9      | Killed a two-headed ogre
  8046 | D:9      | Reached skill level 5 in Invocations
  8046 | D:9      | Reached skill level 5 in Evocations
  8141 | D:9      | Found a staircase to the Lair.
  8185 | D:9      | Reached skill level 5 in Shields
  8373 | D:9      | Found a snail-covered altar of Cheibriados.
  8609 | D:9      | Reached XP level 11. HP: 101/101 MP: 15/15
  8859 | D:10     | Entered Level 10 of the Dungeon
  8913 | D:10     | Noticed a deep elf mage
  8919 | D:10     | Killed a deep elf mage
  8919 | D:10     | Reached skill level 11 in Fighting
  8937 | D:10     | Found a snail-covered altar of Cheibriados.
  9351 | D:10     | Noticed a two-headed ogre
  9370 | D:10     | Killed a two-headed ogre
  9482 | D:10     | Found a portal to a secret trove of treasure.
  9702 | D:10     | Noticed a manticore
  9715 | D:10     | Killed a manticore
  9985 | Lair:1   | Entered Level 1 of the Lair of Beasts
 10198 | Lair:1   | Noticed a six-headed hydra
 10203 | Lair:1   | Killed a six-headed hydra
 10665 | Lair:2   | Reached skill level 10 in Armour
 10769 | Lair:2   | Reached skill level 12 in Fighting
 10769 | Lair:2   | Reached XP level 12. HP: 84/112 MP: 17/17
 10853 | Lair:2   | Found a blossoming altar of Fedhas.
 11208 | Lair:2   | Found a staircase to the Shoals.
 11379 | Lair:2   | Noticed a five-headed hydra
 11398 | Lair:2   | Killed a five-headed hydra
 11812 | D:11     | Noticed Erolcha
 11814 | D:11     | Noticed a two-headed ogre
 11822 | D:11     | Killed Erolcha
 11842 | D:11     | Killed a two-headed ogre
 11953 | D:11     | Found a staircase to the Orcish Mines.
 11979 | D:11     | Reached **** piety under Beogh
 12156 | Orc:1    | Entered Level 1 of the Orcish Mines
 12156 | Orc:1    | Noticed Maurice
 12164 | Orc:1    | Killed Maurice
 12328 | Orc:1    | Found a dark tunnel.
 12333 | Orc:1    | Gained Brunolf as an ally
 12376 | Orc:1    | Noticed a two-headed ogre
 12383 | Orc:1    | Noticed Snorg
 12385 | Orc:1    | Killed a two-headed ogre
 12388 | Orc:1    | Killed Snorg
 12389 | Orc:1    | Noticed Harold
 12399 | Orc:1    | Killed Harold
 12835 | Orc:2    | Entered Level 2 of the Orcish Mines
 12912 | Orc:2    | Noticed an orc high priest
 12929 | Orc:2    | Killed an orc high priest
 12955 | Orc:2    | Reached skill level 13 in Fighting
 12975 | Orc:2    | Found a roughly hewn altar of Beogh.
 12975 | Orc:2    | Noticed an orc warlord
 12975 | Orc:2    | Gained Dorog as an ally
 12979 | Orc:2    | Your ally Dorog died
 12986 | Orc:2    | Noticed an orc high priest
 12989 | Orc:2    | Killed an orc warlord
 12989 | Orc:2    | Reached XP level 13. HP: 113/122 MP: 14/19
 13005 | Orc:2    | Your ally Brunolf died
 13025 | Orc:2    | Found Feurrit's Gadget Boutique.
 13041 | Orc:2    | Bought a lamp of fire for 480 gold pieces
 13041 | Orc:2    | Bought a wand of disintegration (14) for 216 gold pieces
 13041 | Orc:2    | Bought a wand of iceblast (9) for 156 gold pieces
 13041 | Orc:2    | Bought a wand of paralysis (10) for 144 gold pieces
 13041 | Orc:2    | Bought a wand of polymorph (10) for 144 gold pieces
 13041 | Orc:2    | Bought a wand of paralysis (11) for 156 gold pieces
 13231 | Orc:2    | Found Fiohyvvo's Assorted Antiques.
 13245 | Orc:2    | Bought a scroll of identify for 58 gold pieces
 13245 | Orc:2    | Bought a scroll of identify for 58 gold pieces
 13245 | Orc:2    | Bought a scroll of identify for 58 gold pieces
 13335 | Orc:2    | Reached skill level 10 in Axes
 13567 | Orc:2    | Noticed Donald
 13579 | Orc:2    | Killed Donald
 13730 | Orc:2    | Found a staircase to the Elven Halls.
 13859 | Orc:2    | Gained Syrus as an ally
 13888 | Orc:2    | Your ally Syrus died
 13992 | Orc:2    | Found a roughly hewn altar of Beogh.
 14025 | Orc:2    | Reached ***** piety under Beogh
 14213 | Orc:2    | Found Tedau's Jewellery Boutique.
 14228 | Orc:2    | Found Zonaucuwk's Gadget Shop.
 15801 | D:11     | Noticed Josephine
 15812 | D:11     | Noticed Urug
 15815 | D:11     | Killed Josephine
 15815 | D:11     | Reached skill level 10 in Shields
 15822 | D:11     | Killed Urug
 16038 | D:11     | Gained Bogdan as an ally
 16165 | D:11     | Reached skill level 14 in Fighting
 16440 | Lair:3   | Noticed Sonja
 16454 | Lair:3   | Killed Sonja
 16511 | Lair:3   | Found a sacrificial altar of Ru.
 16600 | Lair:3   | Reached XP level 14. HP: 121/132 MP: 21/21
 17513 | Lair:4   | Got a pitted mace
 17514 | Lair:4   | Identified the +8 mace "Heyfubb" {crush, rC- Int+4} (You
                  | found it on level 4 of the Lair of Beasts)
 17538 | Lair:4   | Found a staircase to the Snake Pit.
 17598 | Lair:4   | You fall through a shaft for 2 floors!
 17598 | Lair:6   | Entered Level 6 of the Lair of Beasts
 17605 | Lair:6   | Reached skill level 10 in Invocations
 17613 | Lair:6   | Reached skill level 1 in Maces & Flails
 17633 | Lair:6   | Gained Bogmar as an ally
 17762 | Lair:6   | Found a staircase to the Slime Pits.
 17857 | Lair:6   | Reached ****** piety under Beogh
 17859 | Lair:6   | Noticed a dire elephant
 17861 | Lair:6   | Killed a dire elephant
 19969 | Shoals:1 | Entered Level 1 of the Shoals
 20001 | Shoals:1 | Reached skill level 15 in Fighting
 20059 | Shoals:1 | Reached XP level 15. HP: 84/141 MP: 16/23
 20070 | Shoals:1 | Gained Horkud as an ally
 20159 | Shoals:1 | Your ally Bogdan died
 20161 | Shoals:1 | Your ally Horkud died
 20163 | Shoals:1 | Killed a kraken
 21031 | Shoals:2 | Upgraded the game from 0.22.0-49-gab54619674 to
                  | 0.22.0-60-ga52c2fcf6e
 21090 | Shoals:2 | Reached skill level 1 in Throwing
 21166 | Shoals:2 | Gained Gorg as an ally
 21173 | Shoals:2 | Gained Orgrim as an ally
 21173 | Shoals:2 | Your ally Bogmar died
 21522 | Shoals:2 | Reached skill level 10 in Polearms
 21666 | Shoals:2 | You fall through a shaft!
 21666 | Shoals:3 | Noticed Kirke
 21673 | Shoals:3 | Killed Kirke
 21969 | Shoals:3 | Noticed Ilsuiw
 21973 | Shoals:3 | Was placed under penance by Beogh
 22052 | Shoals:4 | Entered Level 4 of the Shoals
 22052 | Shoals:4 | Noticed a kraken
 22063 | Shoals:3 | Killed Ilsuiw
 22065 | Shoals:3 | HP: 5/143 [satyr/arrow (13)]
 22460 | D:9      | Found a hazy altar of Hepliaklqana.
 22623 | D:12     | Got a smoking amber ring
 22627 | D:12     | Identified the ring "Put-Me-On" {rF+ rN+ MR++ Dex+2 SInv}
                  | (You found it on level 12 of the Dungeon)
 22976 | D:12     | Noticed a frost giant
 22996 | D:12     | Killed a frost giant
 23022 | D:12     | Noticed Nessos
 23047 | D:12     | Killed Nessos
 23114 | D:11     | Was forgiven by Beogh
 23114 | D:11     | Reached XP level 16. HP: 61/151 MP: 24/24
 23543 | D:12     | Reached skill level 16 in Fighting
 23606 | D:12     | Identified Sif Muna's Guide on Fire and Conjuration
 24078 | D:13     | Gained Borgoth as an ally
 24369 | D:13     | Noticed Frances
 24380 | D:13     | Killed Frances
 24431 | D:13     | Your ally Borgoth died
 24467 | D:13     | Upgraded the game from 0.22.0-60-ga52c2fcf6e to
                  | 0.22.0-75-g3901e7991e
 24605 | D:13     | Found Weannuh's Book Emporium.
 24816 | D:13     | Found a gate to the Vaults.
 25309 | Orc:2    | Bought an uncursed ring of flight for 280 gold pieces
 25590 | Orc:2    | Bought a scroll of enchant weapon for 217 gold pieces
 25590 | Orc:2    | Bought a wand of paralysis (11) for 58 gold pieces
 25590 | Orc:2    | Bought a scroll of enchant weapon for 217 gold pieces
 25590 | Orc:2    | Bought a wand of disintegration (14) for 116 gold pieces
 25590 | Orc:2    | Bought a potion of heal wounds for 145 gold pieces
 25590 | Orc:2    | Bought a potion of curing for 87 gold pieces
 26067 | D:14     | Got an encrusted plate armour
 26078 | D:14     | Identified the cursed +1 plate armour of Life {rPois Int+4
                  | Dex+3} (You found it on level 14 of the Dungeon)
 26083 | D:14     | Noticed Louise
 26099 | D:14     | Killed Louise
 27120 | D:15     | Entered Level 15 of the Dungeon
 27186 | D:15     | Identified a scroll of acquirement
 27363 | D:15     | Reached skill level 5 in Throwing
 27466 | D:15     | Found a staircase to the Depths.
 27639 | Depths:1 | Entered Level 1 of the Depths
 27696 | Depths:1 | Reached skill level 10 in Evocations
 27701 | Depths:1 | Gained Agrik as an ally
 27816 | Depths:1 | HP: 1/228 [white very ugly thing (26)]
 27821 | Depths:1 | HP: 8/228 [red very ugly thing (4)]
 27823 | Depths:1 | Killed from afar by an ice dragon

Skill      XL: |  1  2  3  4  5  6  7  8  9 10 11 12 13 14 15 16 |
---------------+-------------------------------------------------+-----
Fighting       | 4 5 7 8 9 10 12 13 14 15 16 | 16.6
Axes           | 3 4 6 7 8 9 10 11 12 | 12.8
Shields        | 4 5 6 8 10 11 12 | 12.6
Armour         | 4 5 6 7 8 9 10 11 12 13 | 13.1
Evocations     | 1 2 3 4 5 6 7 8 9 10 | 10.0
Polearms       | 1 2 3 4 5 7 8 9 10 | 10.9
Invocations    | 1 4 5 7 8 9 10 11 12 | 12.3
Maces & Flails | 3 |  3.6
Throwing       | 3 5 |  5.8
Dodging        | |  0.6
Spellcasting   | |  0.9

Action                   |  1- 3 |  4- 6 |  7- 9 | 10-12 | 13-15 | 16-18 || total
-------------------------+-------+-------+-------+-------+-------+-------++-------
Melee: War axe           |    77 |   184 |   142 |   109 |   371 |    18 ||   901
       Club              |       |    46 |       |       |       |       ||    46
       Spear             |       |    14 |   170 |   475 |    30 |       ||   689
       Trident           |       |       |       |       |   185 |   150 ||   335
       Mace              |       |       |       |       |     5 |       ||     5
       Broad axe         |       |       |       |       |       |   102 ||   102
Throw: Tomahawk          |       |       |     1 |       |     7 |       ||     8
Invok: Convert to Beogh  |       |     1 |       |       |       |       ||     1
       Smiting           |       |       |       |    25 |    24 |     3 ||    52
       Recall Orcish Fol |       |       |       |     3 |    16 |     3 ||    22
       Give Item to Name |       |       |       |       |     3 |     2 ||     5
 Abil: Stop Flying       |       |       |       |       |       |     1 ||     1
       Evoke Flight      |       |       |       |       |       |     1 ||     1
Evoke: Wand              |       |       |       |     2 |    22 |     2 ||    26
       Lamp of fire      |       |       |       |       |     2 |     1 ||     3
       Fan of gales      |       |       |       |       |     1 |       ||     1
  Use: Scroll            |       |     6 |    11 |     7 |    25 |     9 ||    58
       Potion            |       |     4 |       |     1 |    15 |     8 ||    28
 Stab: Distracted        |       |       |       |     3 |     6 |     4 ||    13
  Eat: Chunk             |     1 |     4 |       |       |     1 |       ||     6
       Ration            |       |     1 |     4 |     6 |     9 |     7 ||    27
Armor: Scale mail        |    34 |   156 |   113 |    11 |       |       ||   314
       Chain mail        |       |       |       |   212 |    14 |       ||   226
       Robe              |       |       |       |    13 |       |       ||    13
       Skin              |       |       |       |     1 |     1 |    11 ||    13
       Plate armour      |       |       |       |       |   342 |   124 ||   466
       Troll leather arm |       |       |       |       |     8 |       ||     8
Dodge: Dodged            |    19 |    73 |    90 |   111 |   170 |    49 ||   512
Block: Shield            |    46 |   148 |   159 |   247 |   427 |   212 ||  1239
       Reflection        |       |       |       |       |    46 |    22 ||    68
